AoeStats
← Barbaricci

Oasis

509264942Analyzed
4v4 RM · 5d ago on Sep 26, 2026· 44m 3s· 8 players
Game mode
Random Map
Map size
Large (8 player)
Population
200
Speed
Normal
Resources
Standard
Victory
Conquest
Starting age
Dark Age
Ending age
Imperial Age
RankedLock teamsTeams togetherTeam positionsShared explorationLock speedFull tech treeHidden civsTurbo modeCheats
Victory
Defeat
🇵🇪 Georgians · Peru
1061
+11
🇺🇸 Aztecs · United States
1034
+12
🇵🇪 Goths · Peru
1023
+12
🇨🇴 Varangians · Colombia
919
+18
🇨🇳 Spanish · China
1005
-15
🇹🇼 Varangians · Taiwan
961
-14
🇦🇺 Hindustanis · Australia
933
-13
🇨🇳 Franks · China
880
-11
FLAME-99
3:09 Loom
10:31 Feudal Age
15:02 Castle Age
21:39 Double-Bit Axe
23:43 Gambesons
23:59 Squires
24:03 Scale Mail Armor
ridiculous
10:38 Feudal Age
15:11 Castle Age
15:05 Horse Collar
15:13 Double-Bit Axe
16:30 Loom
17:17 Bow Saw
21:03 Heavy Plow
22:42 Wheelbarrow
26:28 Scale Barding Armor
26:52 Husbandry
27:07 Bloodlines
27:58 Chain Barding Armor
27:40 Gold Mining
33:25 Imperial Age
31:48 Gold Shaft Mining
31:04 Stone Mining
31:18 Town Watch
31:48 Hand Cart
32:21 Grand Trunk Road
32:37 Forging
33:32 Heavy Camel Rider
34:52 Plate Barding Armor
34:54 Iron Casting
34:43 Ballistics
35:08 Stone Shaft Mining
35:35 Two-Man Saw
S个帅哥
12:36 Loom
14:24 Feudal Age
22:10 Double-Bit Axe
30:35 Castle Age
29:12 Horse Collar
30:23 Stone Mining
30:24 Gold Mining
Noob.
1:47 Loom
12:52 Feudal Age
14:44 Forging
14:22 Man-at-Arms
15:15 Arson
16:38 Double-Bit Axe
18:43 Scale Barding Armor
26:58 Castle Age
28:08 Husbandry
37:52 Chain Barding Armor
38:10 Iron Casting
38:00 Chain Barding Armor
38:48 Gold Mining
actions speak loudr than wololoo
11:49 Feudal Age
16:59 Castle Age
16:14 Fletching
17:19 Padded Archer Armor
18:49 Crossbowman
20:41 Gold Mining
20:39 Double-Bit Axe
26:51 Bodkin Arrow
27:43 Redemption
27:53 Sanctity
31:03 Leather Archer Armor
31:18 Stone Mining
38:28 Forging
38:19 Scale Mail Armor
jochizan
7:33 Loom
10:01 Feudal Age
10:53 Double-Bit Axe
16:24 Horse Collar
20:10 Castle Age
18:11 Man-at-Arms
21:42 Squires
22:06 Bow Saw
23:33 Wheelbarrow
22:58 Gold Mining
26:44 Stone Mining
26:27 Long Swordsman
26:53 Gambesons
28:42 Bloodlines
28:51 Husbandry
33:09 Imperial Age
31:08 Forging
31:28 Town Watch
32:24 Scale Barding Armor
32:54 Iron Casting
33:54 Hand Cart
34:34 Fletching
36:25 Bodkin Arrow
37:29 Padded Archer Armor
36:55 Cavalier
38:06 Conscription
40:04 Blast Furnace
41:51 Town Patrol
Barbaricci
11:19 Feudal Age
11:12 Loom
11:45 Double-Bit Axe
11:42 Horse Collar
18:31 Castle Age
17:46 Bloodlines
18:21 Scale Barding Armor
22:15 Wheelbarrow
21:42 Heavy Plow
21:55 Bow Saw
23:01 Forging
24:39 Husbandry
28:49 Chain Barding Armor
29:48 Iron Casting
31:40 Fletching
36:02 Imperial Age
33:15 Vendel Legacy
33:53 Gold Mining
33:55 Stone Mining
36:16 Scale Mail Armor
36:21 Squires
36:06 Arson
36:11 Gothikon
37:35 Chain Mail Armor
38:20 Blast Furnace
37:36 Elite Varangian Guard
39:34 Conscription
40:18 Hand Cart
41:24 Plate Mail Armor
41:39 Fletching
45:28 Chemistry
44:36 Siege Engineers
Sumyil
10:27 Feudal Age
16:05 Castle Age
17:16 Double-Bit Axe
21:29 Loom
25:57 Bow Saw
25:38 Gold Mining
25:54 Stone Mining
28:24 Forging
28:14 Scale Mail Armor
29:38 Wheelbarrow
33:24 Imperial Age
32:17 Iron Casting
31:57 Chain Mail Armor
32:21 Chain Mail Armor
35:27 Two-Man Saw
35:03 Stone Shaft Mining
34:51 Hand Cart
34:24 Town Watch
36:17 Elite Huskarl
37:00 Perfusion
38:02 Conscription
37:43 Anarchy
39:24 Blast Furnace
38:12 Horse Collar
42:09 Pikeman
42:49 Squires
44:31 Town Patrol
43:55 Spies/Treason
Connection lost

Rejoining the realm…

Still unreachable

The connection could not be restored.

Session expired

The server has moved on; the page needs a fresh start.